 Dungeon Crawl Stone Soup version 0.28-a0-1518-gbe868bca14 (webtiles) character file.

Game seed: 13707721142731626508

4827 Shayle the Nimble (level 10, -1/76 HPs)
             Began as a Djinni Warper on Jan 16, 2022.
             Was an Initiate of Ashenzari.
             Killed from afar by an acid dragon (32 damage)
             ... with a splash of acid
             ... on level 9 of the Dungeon.
             The game lasted 00:28:47 (10968 turns).

Shayle the Nimble (Djinni Warper)                  Turns: 10968, Time: 00:28:50

Health: -1/76      AC: 10    Str: 15    XL:     10   Next: 77%
Gold:   435        EV: 15    Int: 21    God:    Ashenzari [......] SH:  0 Dex: 13

rFire   + + .      SeeInvis .   h - +6 war axe "Qiex" {vorpal, Str+5 Int+2}
rCold   x . .      Faith    .   (no shield)
rNeg    . . .      Spirit   .   a - +0 leather armour
rPois   ∞          Reflect  .   o - +0 helmet
rElec   .          Harm     .   A - +0 cloak
rCorr   .          Rampage  .   B - +0 pair of gloves
Will    +....                   (boots unavailable)
Stlth   +.........              (no amulet)
HPRegen 0.22/turn               d - +4 ring of protection
MPRegen 0.00/turn               p - ring of wizardry

@: flying, very slightly contaminated
A: sickness immunity, fire resistance 2, cold vulnerability 1, float, innate
caster, hp casting, extra vitality 1
a: Renounce Religion, Curse Item


You were on level 9 of the Dungeon.
You worshipped Ashenzari.
Ashenzari was noncommittal.
You visited 2 branches of the dungeon, and saw 10 of its levels.
You also visited: Sewer.

You collected 455 gold pieces.
You spent 20 gold pieces at shops.

Inventory:

Hand Weapons
 c - a +0 glaive of freezing
 g - a +2 spear of protection
 h - the +6 war axe "Qiex" (weapon) {vorpal, Str+5 Int+2}
   (You found it on level 2 of the Dungeon)

   It inflicts extra damage upon your enemies.
   Str:       It affects your strength (+5).
   Int:       It affects your intelligence (+2).
 n - a +5 club
Missiles
 m - 10 poisoned darts (quivered)
Armour
 a - a +0 leather armour (worn)
 e - +0 steam dragon scales
 o - a +0 helmet (worn)
 A - a +0 cloak (worn)
 B - a +0 pair of gloves (worn)
Jewellery
 d - a +4 ring of protection (left hand)
 i - a ring of positive energy
 p - a ring of wizardry (right hand)
Wands
 s - a wand of flame (5)
 w - a wand of paralysis (4)
Scrolls
 b - 3 scrolls of blinking
 k - 4 scrolls of teleportation
 q - a scroll of enchant weapon
 t - a scroll of fog
 v - 2 scrolls of magic mapping
 x - 2 scrolls of noise
 y - 2 scrolls of immolation
 C - 2 scrolls of identify
Potions
 f - a potion of lignification
 j - a potion of magic
 l - 2 potions of berserk rage
 r - a potion of curing
 u - a potion of mutation


   Skills:
 + Level 7.7 Fighting
 + Level 1.8 Throwing
 - Level 1.0 Armour
 + Level 8.5 Dodging
 + Level 7.7 Unarmed Combat
 + Level 6.2 Spellcasting


You couldn't memorise any spells.
You knew the following spells:

 Your Spells              Type           Power      Damage    Failure   Level
a - Blink                 Tloc           64%        N/A       1%          2
b - Lesser Beckoning      Tloc           32%        N/A       1%          3
c - Gell's Gravitas       Tloc           32%        N/A       1%          3
d - Teleport Other        Tloc           32%        N/A       1%          3
e - Manifold Assault      Tloc           32%        N/A       11%         5
f - Shock                 Conj/Air       100%       1d9       1%          1
g - Ensorcelled Hibernat  Hex/Ice        64%        N/A       1%          2
h - Tukima's Dance        Hex            32%        N/A       1%          3
i - Ozocubu's Armour      Ice            32%        N/A       1%          3
Your spell library was empty.

Dungeon Overview and Level Annotations

Branches:
Dungeon (9/15)             Temple (1/1) D:6           Sewer (visited)
   Lair: D:8-11         Orc: D:9-12

Altars:
Ashenzari
Cheibriados
Dithmenos
Elyvilon
Fedhas
Gozag
Hepliaklqana
Makhleb
Nemelex Xobeh
Okawaru
Qazlal
Ru
Sif Muna
Trog
Uskayaw
Vehumet
Wu Jian
Xom
Yredelemnul
Zin
The Shining One

Shops:
D:1 *=*?

Annotations:
D:9 Erolcha


Innate Abilities, Weirdness & Mutations

You are immune to sickness and miasma.
You are immune to poison.
Your flesh is very heat resistant. (rF++)
You are vulnerable to cold. (rC-)
You float through the air rather than walking.
You learn spells naturally, not from books.
Your magical power is your life essence.
You have superior vitality. (+4 MHP)


Message History

The iceblast engulfs you!!
You feel a painful chill!
Erolcha struggles against the net.
Casting: Manifold Assault (dangerous; 11% risk of failure)
Confirm with . or Enter, or press ? or * to list all spells.
Space momentarily warps into an impossible shape!
You slash Erolcha!
Erolcha struggles against the net.
Casting: Manifold Assault (dangerous; 11% risk of failure)
Confirm with . or Enter, or press ? or * to list all spells.
Space momentarily warps into an impossible shape!
You hit Erolcha.
Erolcha zaps a wand.
The mass of ice explodes!
The iceblast engulfs you!
You feel a painful chill!
Erolcha struggles against the net.
Casting: Manifold Assault (dangerous; 11% risk of failure)
Confirm with . or Enter, or press ? or * to list all spells.
Space momentarily warps into an impossible shape!
You slash Erolcha!
Erolcha casts a spell.
Erolcha blinks!
There is a stone staircase leading up here.
You feel better.
An acid dragon comes into view.
Throw: throwing net
Press: ? - help, Q - select action, (/) - cycle Shift-Dir - straight line, f/p - Erolcha
Aim: Erolcha, wielding a +0 giant spiked club, wearing a +0 robe and carrying a wand of iceblast (5) (severely wounded, 71% to hit)
You throw a throwing net. The throwing net hits Erolcha.
Erolcha is caught in the net!
Erolcha is severely wounded.
The acid dragon roars!
Erolcha mumbles some strange words.
Erolcha flickers and vanishes!
Deactivating autopickup; reactivate with Ctrl-A.
Something wriggles in the net.
Casting: Manifold Assault (dangerous; 11% risk of failure)
Confirm with . or Enter, or press ? or * to list all spells.
You miscast Manifold Assault.
You are very lightly contaminated with residual magic.
Nothing appears to happen.
The acid dragon spits acid at you. The splash of acid hits you!!
You die...

. ..#########
#.>......#
+........#
#........#
#....{...#
#O.......####..
...#####......D.
#@.......
#........
#........
#........
#........
#........
#........
#........


You could see an acid dragon (catching breath).

Vanquished Creatures
  A two-headed ogre (D:8)
  Maurice (D:8)
  7 yaks
  A steam dragon (D:6)
  An acid dragon (D:8)
  2 water moccasins
  2 ice beasts
  3 orc warriors
  A sky beast (D:6)
  A necrophage (D:6)
  An ogre (D:3)
  2 black bears
  A kobold brigand (D:8)
  3 bullfrogs
  2 scorpions
  A wyvern skeleton (D:6)
  5 killer bees (D:7)
  A howler monkey (D:8)
  2 centaur zombies
  2 bullfrog skeletons
  2 hounds (D:4)
  A jelly (D:5)
  2 gnoll shamans
  2 iguanas (D:4)
  Ijyb (D:5)
  A centaur skeleton (D:4)
  8 orc wizards
  2 howler monkey zombies (D:6)
  Robin (D:2)
  8 gnolls
  6 adders
  2 ufetubi
  2 worms (D:4)
  9 orcs
  12 ball pythons
  8 bats
  8 endoplasms
  2 giant cockroaches
  17 goblins
  9 hobgoblins
  18 jackals
  12 kobolds
  5 quokkas
  A ball python skeleton (D:2)
  3 frilled lizards (D:1)
  7 rats
189 creatures vanquished.

Notes
Turn   | Place    | Note
-------+----------+-------------------------------------------
     0 | D:1      | Shayle the Djinni Warper began the quest for the Orb.
     0 | D:1      | Reached XP level 1. HP: 18/18 MP: 0/0
    72 | D:1      | Reached XP level 2. HP: 15/23 MP: 0/0
   427 | D:1      | Found Upacul's General Store.
   432 | D:1      | Found Anawuterph's Magic Scroll Emporium.
   532 | D:1      | Reached XP level 3. HP: 20/29 MP: 0/0
   532 | D:1      | Learned a level 1 spell: Shock
  1375 | D:1      | Found Nyofuom's Assorted Antiques.
  1439 | D:1      | Bought a scroll of identify for 20 gold pieces
  1597 | D:1      | Reached XP level 4. HP: 27/34 MP: 0/0
  1755 | D:1      | Found Xodam's Jewellery Shoppe.
  1822 | D:2      | Identified the +6 war axe "Qiex" {vorpal, Str+5 Int+2}
  1838 | D:2      | Reached skill level 3 in Dodging
  2211 | D:2      | Noticed Robin
  2416 | D:2      | Killed Robin
  2417 | D:2      | Reached XP level 5. HP: 34/40 MP: 0/0
  2417 | D:2      | Learned a level 2 spell: Ensorcelled Hibernation
  2690 | D:3      | Found a faded altar of an unknown god.
  2877 | D:3      | Noticed an ogre
  2911 | D:3      | Killed an ogre
  2912 | D:3      | Reached XP level 6. HP: 10/46 MP: 0/0
  3898 | D:4      | Found a glowing drain.
  3901 | D:4      | Reached skill level 4 in Dodging
  3913 | Sewer    | Entered a sewer
  3982 | Sewer    | Noticed a water moccasin
  3989 | Sewer    | Killed a water moccasin
  3990 | Sewer    | Reached XP level 7. HP: 38/51 MP: 0/0
  3990 | Sewer    | Learned a level 3 spell: Tukima's Dance
  4723 | D:5      | Entered Level 5 of the Dungeon
  4951 | D:5      | Noticed Ijyb
  4980 | D:5      | Killed Ijyb
  5250 | D:5      | Reached skill level 5 in Dodging
  5250 | D:5      | Reached XP level 8. HP: 58/58 MP: 0/0
  5903 | D:5      | Upgraded the game from 0.28-a0-1510-gd0f6b136d3 to
                  | 0.28-a0-1518-gbe868bca14
  6101 | D:6      | Reached skill level 5 in Unarmed Combat
  6110 | D:6      | Reached skill level 5 in Fighting
  6320 | D:6      | Found a staircase to the Ecumenical Temple.
  6329 | Temple   | Entered the Ecumenical Temple
  6588 | Temple   | Became a worshipper of Ashenzari the Shackled
  6790 | D:6      | Reached skill level 6 in Dodging
  7308 | D:7      | Reached XP level 9. HP: 37/65 MP: 0/0
  7308 | D:7      | Learned a level 3 spell: Ozocubu's Armour
  7862 | D:7      | Reached skill level 5 in Spellcasting
  8420 | D:7      | Reached skill level 7 in Dodging
  8546 | D:8      | Noticed a red ugly thing
  8716 | D:8      | Noticed a two-headed ogre
  8725 | D:8      | Killed a two-headed ogre
  8726 | D:8      | Reached XP level 10. HP: 48/73 MP: 0/0
  9056 | D:8      | Reached skill level 8 in Dodging
  9710 | D:8      | Noticed Maurice
  9819 | D:8      | Paralysed by something for 4 turns
  9829 | D:8      | Killed Maurice
  9830 | D:8      | Reached skill level 1 in Throwing
 10954 | D:9      | Noticed Erolcha
 10968 | D:9      | Killed from afar by an acid dragon

Illustrated notes

Levels and vault maps discovered:
D:1:      minmay_arrival_doors, layout_loops_ring, serial_shops, shop_statue,
          shop, shop, shop, wander_ebering_terrifying_dragon_lair
D:2:      layout_basic, minmay_between, uniq_robin
D:3:      layout_basic, hellmonk_ecumenical_altar_run_dry, kennysheep_potato
D:4:      layout_basic, cheibrodos_sewer_entry_sluice
D:5:      layout_rooms, uniq_ijyb
D:6:      layout_cave_pools, minmay_temple_entry_antechambers, grunt_tough_drop
D:7:      layout_basic
D:8:      layout_basic, corexii_hall_statues_u, wad_dig_loot, uniq_maurice
D:9:      layout_gridville, uniq_erolcha
Temple:   mainiacjoe_temple_hex_bubbles

Skill      XL: |  1  2  3  4  5  6  7  8  9 10 |
---------------+-------------------------------+-----
Dodging        | 3 4 5 6 7 8 |  8.5
Fighting       | 3 4 5 6 7 |  7.7
Unarmed Combat | 3 4 5 7 |  7.7
Spellcasting   | 3 4 5 6 |  6.2
Throwing       | 1 |  1.8
Armour         | |  1.0

Action                   |  1- 3 |  4- 6 |  7- 9 | 10-12 || total
-------------------------+-------+-------+-------+-------++-------
Melee: Unarmed           |    72 |       |       |     8 ||    80
       Punch             |     2 |     2 |     5 |     7 ||    16
       War axe           |       |   128 |   224 |   117 ||   469
Throw: Boomerang         |     5 |       |       |       ||     5
       Dart              |       |     5 |     2 |     6 ||    13
       Throwing net      |       |       |       |     2 ||     2
 Cast: Shock             |    43 |     5 |       |       ||    48
       Manifold Assault  |       |       |       |     5 ||     5
       Blink             |       |       |       |     1 ||     1
Evoke: Wand              |       |       |     2 |     8 ||    10
  Use: Scroll            |     1 |     1 |    11 |     1 ||    14
       Potion            |       |     2 |     2 |     4 ||     8
 Stab: Paralysed         |       |       |     7 |     5 ||    12
Armor: Leather armour    |    16 |    51 |   102 |    44 ||   213
       Skin              |       |       |       |     9 ||     9
Dodge: Dodged            |    57 |   127 |   224 |    92 ||   500

Table legend: (Time is in decaauts)
 A = Elapsed time spent in this place.
 B = Non-inter-level travel time spent in this place.
 C = Inter-level travel time spent in this place.
 D = Time resting spent in this place.
 E = Time spent auto-exploring this place.
 F = Levels seen in this place.
 G = Mean time per level.
                   A        B        C        D        E       F      G
               +--------+--------+--------+--------+--------+-----+--------+
         Total |  11183 |  10845 |    338 |   3124 |   5244 |  11 | 1016.6 |
       Dungeon |  10714 |  10442 |    272 |   3083 |   4955 |   9 | 1190.4 |
        Temple |    294 |    228 |     66 |      0 |    227 |   1 |  294.0 |
         Sewer |    174 |    174 |      0 |     41 |     62 |   1 |  174.0 |
               +--------+--------+--------+--------+--------+-----+--------+

Top non-repeatable levels by time:
     D:8: 2189 daAuts
     D:1: 1995 daAuts
     D:7: 1774 daAuts
     D:5: 1228 daAuts
     D:3: 1022 daAuts
     D:6: 896 daAuts
     D:4: 880 daAuts
     D:2: 707 daAuts
  Temple: 294 daAuts
   Sewer: 174 daAuts
     D:9: 19 daAuts
